 Dungeon Crawl Stone Soup version 0.31-a0-881-ge136f0c47a (webtiles) character file.

Game seed: 15244024432289763236

3462 CowFu the Carver (level 9, -12/62 HPs)
             Began as a Demonspawn Fighter on Oct 16, 2023.
             Was a Believer of Hepliaklqana.
             Mangled by a large abomination (31 damage)
             ... on level 2 of the Abyss.
             The game lasted 00:10:25 (7856 turns).

CowFu the Carver (Demonspawn Fighter)               Turns: 7856, Time: 00:10:26

Health: -12/62     AC:  7    Str: 17    XL:     9   Next: 78%
Magic:  9/9        EV: 10    Int:  5    God:    Hepliaklqana [**....]
Gold:   409        SH: 10    Dex: 17    Spells: 8/8 levels left

rFire   . . .        G - +5 falchion
rCold   . . .        D - +0 kite shield
rNeg    . . .        b - +0 scale mail
rPois   .            (helmet restricted)
rElec   .            (no cloak)
rCorr   .            (no gloves)
SInv    .            (no boots)
Will    .....        (no amulet) Stlth
                     (no ring)
HPRegen 0.30/turn    (no ring)
MPRegen 0.11/turn

%: no passive effects
@: no status effects
A: reduced essence, horns 2, ignite blood 1, spiny 1, weakness stinger 1, [dopey
2]
a: Renounce Religion, Ancestor Life: Knight, Ancestor Life: Battlemage, Ancestor
Life: Hexer, Recall Ancestor, Ancestor Identity


You were on level 2 of the Abyss.
You worshipped Hepliaklqana.
Hepliaklqana was pleased with you.
You visited 2 branches of the dungeon, and saw 8 of its levels.
You visited the Abyss 1 time.

You collected 409 gold pieces.

Inventory:

Hand Weapons
 a - a +0 long sword
 s - a +0 short sword
 G - a +5 falchion (weapon)
Armour
 b - a +0 scale mail (worn)
 c - a +0 buckler
 D - a +0 kite shield (worn)
 H - a scarf of shadows
Jewellery
 i - an amulet of faith
 m - a ring of fire
 u - a +6 ring of strength
 A - a ring of see invisible
 E - a ring of fire
Wands
 o - a wand of charming (12)
Scrolls
 j - a scroll of poison
 l - 5 scrolls of identify
 n - 2 scrolls of fear {unknown}
 p - 3 scrolls of revelation {unknown}
 r - a scroll of silence {unknown}
 t - a scroll of enchant armour {unknown}
 w - a scroll of vulnerability {unknown}
 x - a scroll of fog {unknown}
 y - 3 scrolls of teleportation
 z - a scroll of blinking {unknown}
 B - a scroll of noise {unknown}
 F - a scroll of enchant weapon {unknown}
Potions
 d - a potion of magic {unknown}
 e - a potion of brilliance
 f - 3 potions of enlightenment {unknown}
 g - 3 potions of degeneration
 h - a potion of mutation {unknown}
 k - a potion of ambrosia {unknown}
 q - 2 potions of haste {unknown}
 v - 2 potions of attraction {unknown}
 C - a potion of lignification {unknown}
 I - a potion of curing {unknown}


   Skills:
 - Level 6.0 Fighting
 - Level 8.0 Long Blades
 + Level 5.9 Armour
 + Level 5.0 Dodging
 + Level 5.9 Shields


You had 8 spell levels left.
You didn't know any spells.
Your spell library contained the following spells:

 Spells                   Type           Power      Damage    Failure   Level
 Slow                     Hex            0%         N/A       99%         1
 Lesser Beckoning         Tloc           0%         N/A       99%         2
 Static Discharge         Conj/Air       0%         2-2/arc   99%         2
 Sublimation of Blood     Necr           0%         N/A       99%         2
 Confusing Touch          Hex            0%         N/A       100%        3
 Gell's Gravitas          Tloc           0%         N/A       100%        3
 Sigil of Binding         Hex            0%         N/A       100%        3
 Teleport Other           Tloc           0%         N/A       100%        3
 Vampiric Draining        Necr           0%         2d6       100%        3
 Airstrike                Air            0%         2d(0-16)  100%        4
 Animate Armour           Summ/Erth      0%         N/A       100%        4
 Petrify                  Tmut/Erth      0%         N/A       100%        4
 Summon Lightning Spire   Summ/Air       0%         N/A       100%        4
 Irradiate                Conj/Tmut      0%         3d11      100%        5
 Lee's Rapid Deconstruct  Erth           0%         3d4*      100%        5


Dungeon Overview and Level Annotations

Branches:
Dungeon (7/15)             Temple (1/1) D:5

Altars:
Ashenzari
Cheibriados
Dithmenos
Gozag
Hepliaklqana
Kikubaaqudgha
Ru
Sif Muna
Uskayaw
Vehumet
Wu Jian
Xom
Yredelemnul

Shops:
D:1 [


Innate Abilities, Weirdness & Mutations

Your life essence is reduced to manifest your ancestor. (-10% HP)
You have a pair of horns on your head.
Your demonic aura sometimes causes spilled blood to erupt in flames.
You are partially covered in sharp spines.
You have a small tail.
[You are very dopey. (Int -4)]


Message History

Chitauli hits something.
You see here a scarf of shadows.
H - a scarf of shadows Something hits Chitauli!
Chitauli closely misses something.
Something hits Chitauli.
You see here a lumpy inky potion.
I - a lumpy inky potion Chitauli hits something.
You hear some strange, mumbled words.
Chitauli is devoured by a tear in reality.
You miss something. Something hits you.
You completely miss something. You tail-slap something. Something hits you.
You barely miss something.
Your tail-slap misses something.
Something hits you.
You closely miss something. Something hits you.
You closely miss something. Something hits you.
You miss something. Your headbutt misses something.
Something hits you but does no damage.
You slash something! You headbutt something!
You hear some strange, mumbled words.
You enter the shallow water.
Moving in this stuff is going to be slow.
You hear some strange, mumbled words.
You are cast into the Abyss!
This branch contains the abyssal rune of Zot.
Reactivating autopickup.
Found a corrupted altar of Lugonu.
You may now remember your ancestor's life.
Found a gateway leading deeper into the Abyss.
The wretched star pulses with an eldritch light!
You feel stupid. x2
The wretched star glows turbulently.
The lance of force hits you!!
You are knocked back by the lance of force.
You slam into the stone wall!
The wretched star glows turbulently.
You block the lance of force.
The large abomination is struck by your spines.
The large abomination hits you!!
Ouch! That really hurt!
You die...

#.. # ####
##..#
#>###.#.
#.... ##.....
.#...#
...#... ..#.#
#.....##...#
#x.@..#
#..###.X.##
#.....#..#
....#*.#.##.#
. #....## .#
....#. .
#...#### ..
#..# ## #..


You could see a wretched star, a large abomination and a small abomination.

Vanquished Creatures
  Sigmund (D:3)
  6 yaks (D:5)
  Edmund (D:4)
  A water moccasin (D:6)
  2 ice beasts
  A black bear (D:5)
  2 sky beasts
  An ogre (D:6)
  A centaur (D:6)
  2 phantoms
  A gnoll sergeant (D:5)
  5 wights (D:7)
  2 orc priests
  7 hounds
  2 jellies
  A sleepcap (D:6)
  2 gnoll boudas
  Crazy Yiuf (D:4)
  2 orc wizards
  Natasha (thrice) (D:3)
  3 iguanas
  8 gnolls
  7 adders
  A white imp (D:6)
  2 ufetubi (D:5)
  3 worms
  5 dart slugs
  12 orcs
  4 endoplasms
  3 giant cockroaches
  5 goblins
  3 hobgoblins
  4 jackals (D:1)
  5 kobolds
  7 quokkas
  9 ball pythons
  10 bats
  4 frilled lizards
  5 rats
144 creatures vanquished.

Vanquished Creatures (collateral kills)
  A bullfrog (D:7)
  2 wights (D:7)
  A sleepcap (D:6)
  An orc wizard (D:7)
  2 adders (D:6)
7 creatures vanquished.

Vanquished Creatures (others)
  An ancestor (D:7)
1 creature vanquished.

Grand Total: 152 creatures vanquished

Notes
Turn   | Place    | Note
-------+----------+-------------------------------------------
     0 | D:1      | CowFu the Demonspawn Fighter began the quest for the Orb.
     0 | D:1      | Reached XP level 1. HP: 18/18 MP: 1/1
     5 | D:1      | Noticed a minotaur skeleton
    13 | D:1      | Noticed a minotaur skeleton
    78 | D:1      | Reached skill level 2 in Long Blades
    84 | D:1      | Found Ramaehem's Antique Armour Shop.
   228 | D:1      | Discovered your monstrous ancestry.
   228 | D:1      | Gained mutation: You have a pair of small horns on your
                  | head. [demonic ancestry]
   228 | D:1      | Reached XP level 2. HP: 24/24 MP: 2/2
   400 | D:1      | Reached skill level 3 in Long Blades
   733 | D:1      | Gained mutation: Your demonic aura sometimes causes spilled
                  | blood to erupt in flames. [demonic ancestry]
   733 | D:1      | Reached XP level 3. HP: 27/29 MP: 3/3
  1281 | D:2      | Identified the +1 trident "Lilar" {drain, Int+2}
  1787 | D:2      | Reached skill level 4 in Long Blades
  1787 | D:2      | Gained mutation: You have a small tail. [demonic ancestry]
  1787 | D:2      | Reached XP level 4. HP: 20/35 MP: 4/4
  2315 | D:3      | Noticed Natasha
  2320 | D:3      | Killed Natasha
  2324 | D:3      | Noticed Natasha
  2336 | D:3      | Killed Natasha
  2337 | D:3      | Reached XP level 5. HP: 31/41 MP: 5/5
  2364 | D:3      | Noticed Natasha
  2372 | D:3      | Killed Natasha
  2373 | D:3      | Reached skill level 5 in Long Blades
  2391 | D:3      | You fall into a shaft and drop 3 floors!
  2601 | D:6      | Noticed a sky beast
  2607 | D:6      | Gained mutation: You are partially covered in sharp spines.
                  | [demonic ancestry]
  2607 | D:6      | Reached XP level 6. HP: 38/47 MP: 6/6
  2612 | D:6      | Killed a sky beast
  2613 | D:6      | Reached skill level 6 in Long Blades
  2694 | D:5      | Entered Level 5 of the Dungeon
  2802 | D:3      | Noticed Sigmund
  2893 | D:3      | Killed Sigmund
  2894 | D:3      | Reached skill level 7 in Long Blades
  2894 | D:3      | Gained mutation: You have a pair of horns on your head.
                  | [demonic ancestry]
  2894 | D:3      | Reached XP level 7. HP: 40/52 MP: 7/7
  3184 | D:3      | Found a radiant altar of Vehumet.
  3195 | D:3      | Found a broken altar of Ashenzari.
  3733 | D:4      | Noticed Edmund
  3739 | D:4      | Killed Edmund
  4256 | D:4      | Found a runed translucent door.
  4257 | D:4      | Noticed Crazy Yiuf
  4421 | D:4      | Reached skill level 8 in Long Blades
  4595 | D:4      | Killed Crazy Yiuf
  4721 | D:5      | Found a staircase to the Ecumenical Temple.
  4733 | D:5      | Reached skill level 1 in Dodging
  4740 | Temple   | Entered the Ecumenical Temple
  4754 | Temple   | Became a worshipper of Hepliaklqana the Forgotten
  4994 | D:5      | Reached XP level 8. HP: 59/59 MP: 8/8
  5193 | D:5      | HP: 2/60 [gnoll sergeant/+3 trident of venom (5)]
  5756 | D:5      | Reached skill level 5 in Fighting
  5756 | D:5      | Reached XP level 9. HP: 49/68 MP: 9/9
  6153 | D:5      | Reached * piety under Hepliaklqana
  6390 | D:6      | Found a sacrificial altar of Ru.
  6442 | D:6      | Reached skill level 5 in Shields
  6538 | D:6      | Reached skill level 5 in Armour
  7137 | D:6      | Found a shimmering altar of Xom.
  7662 | D:7      | Reached skill level 5 in Dodging
  7793 | D:7      | Noticed a wizard
  7828 | Abyss:2  | Found a corrupted altar of Lugonu.
  7828 | Abyss:2  | Cast into level 2 of the Abyss (a wizard)
  7830 | Abyss:2  | Reached ** piety under Hepliaklqana
  7851 | Abyss:2  | Noticed a wretched star
  7856 | Abyss:2  | Mangled by a large abomination

Illustrated notes

Levels and vault maps discovered:
D:1:      shiori_arrival_whats_in_store_for_you, layout_loops_corners,
          serial_shops, nicolae_shop_rolling_square, minmay_shallow_snake_nest
D:2:      layout_basic, nicolae_twisty_statue_hallways
D:3:      layout_loops_cross, nicolae_elyvilon_temple_path,
          amethyst_overflow_temple_binary, minmay_unequal, uniq_natasha,
          uniq_sigmund
D:4:      layout_layer_cave, uniq_edmund, uniq_crazy_yiuf_cottage
D:5:      layout_layer_cave, minmay_temple_entry_mini_moons,
          kennysheep_generic_room_15
D:6:      layout_cave_pods, nicolae_ru_great_annihilating_truth,
          mainiacjoe_overflow_chevrons, hex_tiny
D:7:      cheibrodos_wizards_tower, layout_basic,
          nicolae_qazlal_style_of_elements, minmay_liquid_box
Temple:   grunt_temple_mini_profane
Abyss:2:  base: D:6, hangedman_illusive_loot

Skill      XL: |  1  2  3  4  5  6  7  8  9 |
---------------+----------------------------+-----
Long Blades    | 2 3 4 5 7 8 |  8.0
Armour         | 3 4 5 |  5.9
Dodging        | 1 3 5 |  5.0
Shields        | 3 4 5 |  5.9
Fighting       | 5 6 |  6.0

Action                     |  1- 3 |  4- 6 |  7- 9 || total
---------------------------+-------+-------+-------++-------
  Melee: Long sword        |   102 |    70 |   240 ||   412
         Headbutt          |    12 |    14 |    51 ||    77
         Tailslap          |       |     8 |    35 ||    43
         Falchion          |       |       |     7 ||     7
    Use: Scroll            |       |     5 |     2 ||     7
         Potion            |       |     1 |     2 ||     3
   Stab: Distracted        |       |       |     1 ||     1
         Paralysed         |       |       |     1 ||     1
 Armour: Scale mail        |    66 |    47 |   174 ||   287
  Dodge: Dodged            |    45 |    33 |    99 ||   177
  Block: Buckler           |    33 |    19 |    39 ||    91
         Kite shield       |       |       |    35 ||    35

Table legend: (Time is in decaauts)
 A = Elapsed time spent in this place.
 B = Non-inter-level travel time spent in this place.
 C = Inter-level travel time spent in this place.
 D = Time resting spent in this place.
 E = Time spent auto-exploring this place.
 F = Levels seen in this place.
 G = Mean time per level.
                   A        B        C        D        E       F      G
               +--------+--------+--------+--------+--------+-----+--------+
         Total |   7913 |   7675 |    238 |      0 |   6416 |   9 |  879.2 |
       Dungeon |   7858 |   7631 |    227 |      0 |   6416 |   7 | 1122.6 |
        Temple |     26 |     15 |     11 |      0 |      0 |   1 |   26.0 |
         Abyss |     28 |     28 |      0 |      0 |      0 |   1 |   28.0 |
               +--------+--------+--------+--------+--------+-----+--------+

Top non-repeatable levels by time:
     D:5: 1568 daAuts
     D:6: 1369 daAuts
     D:4: 1257 daAuts
     D:1: 1102 daAuts
     D:2: 1061 daAuts
     D:3: 1023 daAuts
     D:7: 475 daAuts
 Abyss:2: 28 daAuts
  Temple: 26 daAuts
